 Dungeon Crawl Stone Soup version 0.27-a0-1378-gdefffd1ff6 (webtiles) character file.

Game seed: 4590918185886942670

153441 nyamberluvr69 the Spry (level 16, -14/129 HPs)
             Began as a Felid Berserker on June 27, 2021.
             Was the Champion of Trog.
             Succumbed to poison
             ... while paralysed by a fenstrider witch
             ... on level 2 of the Swamp on June 29, 2021.
             The game lasted 02:08:27 (45671 turns).

nyamberluvr69 the Spry (Felid Berserker)           Turns: 45671, Time: 02:08:27

Health: -14/129    AC:  7    Str:  8 (19) XL:     16   Next: 75%
Magic:  17/17      EV:  4    Int:  7 (9)  God:    Trog [******]
Gold:   3049       SH:  0    Dex: 21 (26) Spells: 15/15 levels left
                                        Lives:  0   Deaths: 5

rFire    . . .     SeeInvis +     - Unarmed
rCold    + . .     Faith    .   (shield unavailable)
rNeg     + . .     Spirit   .   (armour unavailable)
rPois    .         Reflect  .   (helmet unavailable)
rElec    .         Harm     .   (cloak unavailable)
rCorr    .         Rampage  .   (gloves unavailable)
Will     ++...                  (boots unavailable)
Stlth    ..........             c - amulet of regeneration
HPRegen  1.31/turn              e - +6 ring of strength
MPRegen  0.15/turn              J - ring of the Republic {rN+ AC+4 Dex+4}

@: paralysed, berserking, lethally poisoned (-14 -> -80), very slow
A: very small, claws 1, fangs 3, see invisible, speed 1, shaggy fur 3, stealthy
paws, no weapons or thrown items, no armour, multi-lived, deterioration 1,
mutation resistance 1
}: 1/15 runes: gossamer
a: Renounce Religion, Berserk, Trog's Hand, Brothers in Arms


You were on level 2 of the Swamp.
You worshipped Trog.
Trog was exalted by your worship.
You visited 5 branches of the dungeon, and saw 29 of its levels.

You collected 3258 gold pieces.
You spent 209 gold pieces at shops.

Inventory:

Jewellery
 a - a +6 ring of strength
 c - an amulet of regeneration (around neck)
 e - a +6 ring of strength (left paw)
 g - a ring of ice
 j - an amulet of faith
 o - a ring of willpower
 x - a ring of fire
 y - a +6 ring of intelligence
 F - a ring of magical power
 J - the ring of the Republic (right paw) {rN+ AC+4 Dex+4}
   (You acquired it on level 14 of the Dungeon)

   [ring of protection]

   AC:        It affects your AC (+4).
   Dex:       It affects your dexterity (+4).
   rN:        It protects you from negative energy.
 K - an amulet of magic regeneration
 L - an amulet of reflection
Wands
 d - a wand of flame (38)
 m - a wand of digging (4)
 q - a wand of paralysis (13)
 s - a wand of iceblast (67)
 A - a wand of polymorph (42)
 I - a wand of acid (9)
Scrolls
 b - 5 scrolls of fog
 f - 2 scrolls of magic mapping
 i - 3 scrolls of teleportation
 k - 3 scrolls of blinking
 B - 4 scrolls of immolation
 D - a scroll of silence
 H - 2 scrolls of summoning
 M - 3 scrolls of fear
Potions
 h - 2 potions of cancellation
 l - 3 potions of ambrosia
 n - 6 potions of curing
 p - 4 potions of might
 r - 9 potions of attraction
 t - 2 potions of resistance
 u - 2 potions of haste
 v - 5 potions of lignification
 w - 3 potions of heal wounds
 z - 3 potions of magic {unknown}
 C - 2 potions of invisibility {unknown}
 E - 2 potions of berserk rage {unknown}
 G - 2 potions of flight


   Skills:
 * Level 18.3 Fighting
 + Level 20.2 Dodging
 - Level 15.3 Stealth
 * Level 18.3 Unarmed Combat


You had 15 spell levels left.
You didn't know any spells.
Your spell library was empty.

Dungeon Overview and Level Annotations

Branches:
Dungeon (15/15)            Temple (0/1) D:4            Lair (6/6) D:10
  Swamp (2/4) Lair:4       Spider (4/4) Lair:2        Slime (0/5) Lair:6
    Orc (2/2) D:9             Elf (0/3) Orc:2        Vaults (0/5) D:14
 Depths (0/5) D:15

Altars:
Cheibriados
Dithmenos
Hepliaklqana
Kikubaaqudgha
Nemelex Xobeh
Qazlal
Sif Muna
Trog
Vehumet
Wu Jian
Zin
Beogh
Jiyva

Shops:
D:3 [   Orc:2 ([*([

Portals:
Abyss: D:8

Annotations:
D:8 2 transporters, hatdisgam's ghost, novice GnDe
D:15 3 runed translucent doors, Frod's ghost, adept HuIE
Spider:2 2 transporters


Innate Abilities, Weirdness & Mutations

You have sharp claws.
You have razor-sharp teeth.
You have supernaturally acute eyesight. (SInv)
You cover ground quickly. (Speed+)
Your thick and shaggy fur keeps you warm. (AC +3, rC+)
Your paws help you pounce on unaware monsters.
You are incapable of wielding weapons or throwing items.
You cannot wear armour.
You gain extra lives every three experience levels.
Your body sometimes deteriorates upon taking damage.
You are somewhat resistant to further mutation.


Message History

Here: a fenstrider witch, wearing a +0 robe Some shallow water.
Unknown command.
A red film seems to cover your vision as you go berserk!
You feel yourself moving faster!
You feel mighty!
The fenstrider witch points at you and mumbles some strange words.
The toxic sludge misses you.
You feel a strong urge to attack something.
The fenstrider witch casts a spell at you.
You suddenly lose the ability to move!
The fenstrider witch points at you and mumbles some strange words.
The toxic sludge hits you!
You are poisoned.
Splash!
You fall into the toxic bog.
Moving in this stuff is going to be slow.
The fenstrider witch hits you but does no damage.
The fenstrider witch kicks you.
You fester in the toxic bog!
You are more poisoned.
You feel extremely sick.
The fenstrider witch hits you but does no damage.
The fenstrider witch kicks you.
You fester in the toxic bog!
You are more poisoned.
Your body deteriorates!
You feel clumsy.
You feel extremely sick.
The fenstrider witch points at you and mumbles some strange words.
The toxic sludge hits you!
You are more poisoned.
You fester in the toxic bog!
You are lethally poisoned!
* * * LOW HITPOINT WARNING * * *
Your body deteriorates!
You feel weakened.
You feel extremely sick. The fenstrider witch barely misses you.
The fenstrider witch kicks you!
* * * LOW HITPOINT WARNING * * *
You fester in the toxic bog!
You are more poisoned.
* * * LOW HITPOINT WARNING * * *
You die...

.≈≈≈≈.≈♣..≈≈≈.....
.≈≈≈≈≈...##..
≈≈≈≈≈.§...≈≈≈..♣♣♣
.≈≈≈≈≈.≈..#..
≈.≈≈≈≈.≈..≈≈≈.♣♣
♣i.≈##≈.
♣.§≈≈≈≈≈..≈≈≈.♣
♣..§.#≈≈
♣.≈≈≈.≈≈..≈≈≈≈♣♣♣ ♣♣
♣♣)≈≈.≈≈
♣≈....≈≈≈...≈...♣♣♣.♣
♣♣.i≈≈.
♣♣♣♣♣♣..≈≈....≈≈.≈≈♣
♣♣♣♣♣..≈≈.
♣♣..≈.)≈......♣
♣.≈≈≈.≈≈≈.
♣♣..≈♣≈...@.≈♣
♣≈≈≈≈≈≈≈≈.
♣♣♣♣♣♣≈.≈≈H≈♣
♣.≈.≈♣.≈.. ♣♣≈≈≈≈≈.♣
♣♣♣♣♣♣≈.≈≈ .≈♣.≈≈§≈≈♣
♣♣♣♣♣≈≈. ≈≈.♣.$.≈≈≈♣
♣≈≈≈ii≈≈
.≈≈≈.♣...≈≈≈..
♣≈≈.≈≈≈≈
.♣♣..≈♣..≈≈§≈.≈
♣<.F.≈≈≈ ♣♣.≈≈≈≈≈.♣
♣♣♣♣≈..≈ ♣♣♣≈.


You could see a fenstrider witch.

Vanquished Creatures
  Arachne (Spider:2)
  Gastronok (D:11)
  A thorn hunter (Swamp:2)
  4 emperor scorpions
  4 ghost moths
  An orc warlord (Orc:2)
  2 ghouls (Swamp:1)
  4 spark wasps
  3 entropy weavers
  A bunyip (Swamp:2)
  2 eleionomae
  Josephine (Lair:5)
  Fannar (Lair:3)
  An ice dragon (D:15)
  15 hydras
  Harold (Orc:1)
  8 vault guards (D:14)
  5 boulder beetles
  4 catoblepae
  4 centaur warriors
  A ghost crab (Swamp:1)
  A death knight (D:11)
  An anaconda (Lair:6)
  6 two-headed ogres
  A tengu warrior (D:14)
  9 death yaks
  5 alligators
  Sonja (D:12)
  2 spriggans (Swamp:2)
  5 skeletal warriors
  A goliath frog (Lair:4)
  2 spriggan druids (Swamp:1)
  5 swamp dragons
  5 bog bodies
  Pikel (D:7)
  4 manticores
  16 ugly things
  3 orc knights
  18 orb spiders
  A deep elf pyromancer (D:15)
  A will-o-the-wisp (Swamp:1)
  An orc sorcerer (Orc:2)
  41 wolf spiders
  2 moths of wrath
  An oklob plant (Lair:2)
  7 cyclopes
  8 elephants
  5 black mambas
  Joseph (D:7)
  22 cane toads
  6 torpor snails
  A gargoyle (D:12)
  4 komodo dragons
  4 unseen horrors
  3 freezing wraiths
  5 rime drakes
  3 efreet
  15 demonic crawlers
  A tengu conjurer (D:14)
  30 jumping spiders
  A troll (shapeshifter) (D:14)
  10 trolls
  3 polar bears
  4 tyrant leeches
  14 blink frogs
  7 hornets
  6 slime creatures (D:13)
  6 dream sheep
  41 tarantellas
  5 wyverns
  106 redbacks
  3 wraiths (Lair:5)
  58 yaks
  A shadow (D:12)
  8 basilisks
  A golden eye (shapeshifter) (D:13)
  A steam dragon (D:10)
  10 swamp worms
  3 wargs
  17 vampire mosquitoes
  Menkaure (D:7)
  23 water moccasins
  An acid dragon (D:9)
  A hell hound (Lair:4)
  Duvessa (D:5)
  37 orc warriors
  5 sky beasts
  9 black bears
  2 necrophages
  9 ice beasts
  5 ogres
  2 centaurs
  2 lemures (D:7)
  26 wolves
  A kobold brigand (D:7)
  12 bullfrogs
  A wyvern zombie (D:6)
  4 scorpions
  Dowan (D:5)
  2 wyvern skeletons (D:7)
  A water moccasin skeleton (D:4)
  9 killer bees
  3 electric eels
  8 howler monkeys
  A lava snake (D:9)
  5 centaur zombies
  3 hounds
  A gnoll shaman (D:4)
  35 orc priests
  2 iguanas
  33 orc wizards
  8 hell rats (Lair:4)
  2 hound skeletons
  9 gnolls (D:4)
  3 adders
  A white imp (D:6)
  An ufetubus (D:6)
  2 adder skeletons
  A worm (D:2)
  A dart slug (D:4)
  98 orcs
  6 ball pythons
  A bat (D:1)
  8 endoplasms
  2 giant cockroaches
  11 goblins
  8 hobgoblins
  10 jackals
  12 kobolds
  5 quokkas
  14 frilled lizards
  3 rats
1070 creatures vanquished.

Vanquished Creatures (collateral kills)
  2 rime drakes (Lair:4)
  A wyvern (Lair:4)
  3 basilisks (Lair:4)
  2 hell rats (Lair:4)
8 creatures vanquished.

Vanquished Creatures (others)
  An alligator (Lair:4)
  An orb spider (Spider:4)
  A bloated husk (Swamp:2)
  A tarantella (Spider:4)
  A howler monkey zombie (D:11)
  An orc (D:8)
  2 briar patches (Swamp:2)
  26 fungi
  74 plants
108 creatures vanquished.

Grand Total: 1186 creatures vanquished

Notes
Turn   | Place    | Note
-------+----------+-------------------------------------------
     0 | D:1      | nyamberluvr69 the Felid Berserker began the quest for the
                  | Orb.
     0 | D:1      | Reached XP level 1. HP: 10/10 MP: 2/2
   300 | D:1      | Reached XP level 2. HP: 14/14 MP: 3/3
   616 | D:1      | Found a faded altar of an unknown god.
   716 | D:1      | Reached XP level 3. HP: 11/17 MP: 4/4
  1260 | D:2      | Reached ** piety under Trog
  1489 | D:2      | Reached skill level 5 in Dodging
  1713 | D:3      | Reached XP level 4. HP: 14/22 MP: 5/5
  2370 | D:3      | Noticed a black bear
  2393 | D:3      | Killed a black bear
  2394 | D:3      | Reached XP level 5. HP: 25/25 MP: 6/6
  2439 | D:3      | Reached *** piety under Trog
  2482 | D:3      | Found Toiduw's Armour Shop.
  2745 | D:4      | Noticed a black bear
  2750 | D:4      | Killed a black bear
  2751 | D:4      | Reached skill level 6 in Dodging
  2751 | D:4      | Gained mutation: You are covered in thick fur. (AC +2)
                  | [Felid growth]
  2751 | D:4      | Reached XP level 6. HP: 29/29 MP: 7/7
  2935 | D:4      | Found a staircase to the Ecumenical Temple.
  3122 | D:4      | Reached skill level 5 in Unarmed Combat
  3126 | D:4      | Reached skill level 5 in Fighting
  3232 | D:4      | Slain by an orc
  3233 | D:4      | Reached XP level 5. HP: -2/26 MP: 6/6
  3701 | D:4      | Reached skill level 7 in Dodging
  3701 | D:4      | Reached XP level 6. HP: 26/30 MP: 7/7
  3793 | D:5      | Entered Level 5 of the Dungeon
  3868 | D:5      | Noticed Dowan
  3869 | D:5      | Noticed Duvessa
  4023 | D:5      | Noticed a sky beast
  4031 | D:5      | Killed a sky beast
  4474 | D:5      | Noticed a sky beast
  4481 | D:5      | Killed a sky beast
  4482 | D:5      | Reached XP level 7. HP: 34/34 MP: 8/8
  4737 | D:5      | Killed Duvessa
  4739 | D:5      | Killed Dowan
  4841 | D:5      | Reached skill level 8 in Dodging
  5177 | D:6      | Reached XP level 8. HP: 39/39 MP: 9/9
  5359 | D:6      | Found a sparkling altar of Nemelex Xobeh.
  5430 | D:6      | Reached skill level 9 in Dodging
  5615 | D:6      | Found a hazy altar of Hepliaklqana.
  5860 | D:7      | Noticed Joseph
  5892 | D:7      | Killed Joseph
  5951 | D:7      | Reached **** piety under Trog
  6040 | D:7      | Noticed a cyan ugly thing
  6046 | D:7      | Slain by a cyan ugly thing
  6047 | D:7      | Reached XP level 7. HP: -1/54 MP: 8/8
  6069 | D:7      | Noticed Menkaure
  6073 | D:7      | Killed Menkaure
  6074 | D:7      | Reached XP level 8. HP: 32/40 MP: 9/9
  6192 | D:7      | Reached skill level 10 in Dodging
  6376 | D:7      | Found a radiant altar of Vehumet.
  6376 | D:7      | Found an ancient bone altar of Kikubaaqudgha.
  6377 | D:7      | Found a shimmering blue altar of Sif Muna.
  6410 | D:7      | Noticed a two-headed ogre
  6436 | D:7      | Killed a two-headed ogre
  6684 | D:7      | Noticed an unseen horror
  6986 | D:7      | Killed an unseen horror
  6987 | D:7      | Reached skill level 11 in Dodging
  6987 | D:7      | Reached XP level 9. HP: 45/45 MP: 10/10
  7047 | D:7      | Found a shadowy altar of Dithmenos.
  7056 | D:7      | Found a snail-covered altar of Cheibriados.
  7057 | D:7      | Found an ornate altar of the Wu Jian Council.
  7058 | D:7      | Found a glowing silver altar of Zin.
  7116 | D:7      | Noticed Pikel
  7136 | D:7      | Killed Pikel
  7273 | D:7      | Found a bloodstained altar of Trog.
  7450 | D:7      | Killed a cyan ugly thing
  7690 | D:8      | Reached skill level 12 in Dodging
  7690 | D:8      | Reached XP level 10. HP: 49/49 MP: 11/11
  8844 | D:8      | Noticed a sixfirhy
  8850 | D:8      | Noticed a sun demon
  8851 | D:8      | Found a transporter.
  8858 | D:8      | Noticed hatdisgam's ghost (novice GnDe)
  8881 | D:8      | Found a one-way gate to the infinite horrors of the Abyss.
  8881 | D:8      | Found a transporter.
  9306 | D:9      | Noticed a two-headed ogre
  9316 | D:9      | Killed a two-headed ogre
  9317 | D:9      | Reached skill level 10 in Fighting
  9317 | D:9      | Reached skill level 10 in Unarmed Combat
  9362 | D:9      | Reached ***** piety under Trog
  9429 | D:9      | Found a staircase to the Orcish Mines.
  9591 | D:9      | Reached skill level 13 in Dodging
 10344 | D:10     | Entered Level 10 of the Dungeon
 10354 | D:10     | Reached XP level 11. HP: 45/55 MP: 12/12
 10870 | D:10     | Noticed a two-headed ogre
 10878 | D:10     | HP: 1/55 [two-headed ogre (14)]
 10880 | D:10     | Slain by a two-headed ogre
 10881 | D:10     | Reached XP level 10. HP: -5/51 MP: 11/11
 10993 | D:10     | Found a staircase to the Lair.
 11011 | D:10     | Killed a two-headed ogre
 11084 | D:10     | Reached skill level 14 in Dodging
 11317 | D:10     | Found a stormy altar of Qazlal.
 11616 | D:11     | Noticed a cyclops
 11622 | D:11     | Killed a cyclops
 11665 | Lair:1   | Entered Level 1 of the Lair of Beasts
 11802 | Lair:1   | Noticed a cane toad
 11814 | Lair:1   | Killed a cane toad
 11861 | Lair:1   | Noticed a black mamba
 11870 | Lair:1   | Killed a black mamba
 11871 | Lair:1   | Reached XP level 11. HP: 55/55 MP: 12/12
 12113 | Lair:1   | You fall into a shaft and drop 1 floor!
 12280 | Lair:2   | Found a hole to the Spider Nest.
 12795 | Lair:1   | Reached skill level 15 in Dodging
 13210 | Lair:2   | Noticed an oklob plant
 13449 | Lair:2   | Gained mutation: Your thick and shaggy fur keeps you warm.
                  | (AC +3, rC+) [Felid growth]
 13449 | Lair:2   | Reached XP level 12. HP: 61/61 MP: 13/13
 14284 | Lair:2   | Noticed a seven-headed hydra
 14288 | Lair:2   | Reached ****** piety under Trog
 14294 | Lair:2   | Killed a seven-headed hydra
 14295 | Lair:2   | Reached skill level 16 in Dodging
 14594 | Lair:2   | Noticed a death yak
 14601 | Lair:2   | Noticed a death yak
 14606 | Lair:2   | Killed a death yak
 14611 | Lair:2   | Noticed a death yak
 14612 | Lair:2   | Killed a death yak
 14621 | Lair:2   | Killed a death yak
 14688 | Lair:2   | Noticed a four-headed hydra
 15357 | Lair:3   | Noticed Fannar
 15378 | Lair:3   | Killed Fannar
 15687 | Lair:3   | Reached XP level 13. HP: 60/66 MP: 14/14
 17118 | Lair:2   | Reached skill level 17 in Dodging
 17244 | Lair:2   | Reached skill level 1 in Stealth
 17505 | Lair:5   | You fall into a shaft and drop 1 floor!
 17505 | Lair:6   | Entered Level 6 of the Lair of Beasts
 17525 | Lair:5   | Noticed Josephine
 17539 | Lair:5   | Killed Josephine
 17546 | Lair:5   | Reached skill level 5 in Stealth
 17648 | Lair:5   | Identified the +1 ring mail "Wackatyu" {rF+}
 18826 | Lair:6   | Reached skill level 10 in Stealth
 18870 | Lair:6   | Reached XP level 14. HP: 71/71 MP: 15/15
 19194 | Lair:6   | Found a staircase to the Slime Pits.
 19194 | Lair:6   | Found a viscous altar of Jiyva.
 20497 | Orc:1    | Entered Level 1 of the Orcish Mines
 20672 | Orc:1    | Noticed Harold
 20685 | Orc:1    | Killed Harold
 20806 | Orc:1    | Reached skill level 15 in Stealth
 21074 | Orc:2    | Entered Level 2 of the Orcish Mines
 21474 | Orc:2    | Found a staircase to the Elven Halls.
 21500 | Orc:2    | Found Ecriep's Antique Weapon Emporium.
 21853 | Orc:2    | Found Limyhag's Assorted Antiques.
 21879 | Orc:2    | Bought a scroll labelled TAEQOPREUS for 31 gold pieces
 21879 | Orc:2    | Bought a bubbling purple potion for 27 gold pieces
 21879 | Orc:2    | Bought a scroll of identify for 62 gold pieces
 21879 | Orc:2    | Bought a smoky inky potion for 27 gold pieces
 21879 | Orc:2    | Bought a scroll of identify for 62 gold pieces
 22209 | Orc:2    | Found Lyxkel's Antique Armour Emporium.
 22451 | Orc:2    | Noticed an orc warlord
 23848 | Orc:2    | Killed an orc warlord
 23959 | Orc:2    | Paralysed by an orc sorcerer for 2 turns
 24082 | Orc:2    | Found Irajedi's Antique Armour Shop.
 24093 | Orc:2    | Found Oseikhi's Antique Weapon Boutique.
 24877 | Lair:4   | HP: 5/108 [tyrant leech (16)]
 25309 | Lair:4   | HP: 1/108 [poisoned by a swamp dragon (poison gas)]
 25309 | Lair:4   | Killed from afar by a swamp dragon
 25310 | Lair:4   | Reached XP level 13. HP: -5/100 MP: 14/14
 25903 | Lair:4   | Reached XP level 14. HP: 72/72 MP: 15/15
 26178 | Lair:4   | Found a staircase to the Swamp.
 26544 | D:11     | Noticed Gastronok
 26558 | D:11     | Killed Gastronok
 27974 | D:12     | Noticed Sonja
 27978 | D:12     | Killed Sonja
 28068 | D:12     | Reached skill level 18 in Dodging
 28845 | D:13     | Reached skill level 15 in Fighting
 28852 | D:13     | Reached skill level 15 in Unarmed Combat
 28984 | D:13     | You fall into a shaft and drop 1 floor!
 29565 | D:14     | Found a sparkling altar of Nemelex Xobeh.
 29674 | D:14     | Found a gate to the Vaults.
 30046 | D:15     | Entered Level 15 of the Dungeon
 30102 | D:15     | Found a runed translucent gate.
 30109 | D:15     | Found a runed translucent gate.
 30109 | D:15     | Found an ancient bone altar of Kikubaaqudgha.
 30114 | D:15     | Identified a scroll of acquirement
 30119 | D:14     | Acquired the ring of the Republic {rN+ AC+4 Dex+4}
 30129 | D:15     | Found a runed translucent gate.
 30129 | D:15     | Noticed a lich
 30130 | D:15     | Noticed Frod's ghost (adept HuIE)
 30140 | D:15     | Noticed a lich
 30155 | D:15     | Reached XP level 15. HP: 77/77 MP: 16/16
 30312 | D:15     | Noticed a lich
 30312 | D:15     | Noticed a lich
 31028 | D:15     | Found a staircase to the Depths.
 31479 | Spider:1 | Entered Level 1 of the Spider Nest
 33777 | Spider:1 | Reached skill level 19 in Dodging
 34567 | Spider:2 | You fall into a shaft and drop 1 floor!
 34642 | Spider:3 | Reached XP level 16. HP: 83/83 MP: 17/17
 34859 | Spider:3 | HP: 4/83 [poisoned by a redback]
 35142 | Spider:2 | Found a transporter.
 35143 | Spider:2 | Found a transporter.
 35593 | Spider:2 | Noticed Arachne
 35788 | Spider:2 | Killed Arachne
 35808 | Spider:2 | Slain by a wolf spider
 35809 | Spider:2 | Reached XP level 15. HP: 0/79 MP: 16/16
 36620 | Spider:3 | Noticed a ghost moth
 36654 | Spider:3 | Killed a ghost moth
 37028 | Spider:3 | Gained mutation: Your system is resistant to poisons.
                  | (rPois) [potion of mutation]
 37028 | Spider:3 | Gained mutation: You are occasionally teleported next to
                  | monsters. [potion of mutation]
 37029 | Spider:3 | Lost mutation: You are occasionally teleported next to
                  | monsters. [potion of mutation]
 37029 | Spider:3 | Lost mutation: Your system is resistant to poisons. (rPois)
                  | [potion of mutation]
 37029 | Spider:3 | Gained mutation: Your body sometimes deteriorates upon
                  | taking damage. [potion of mutation]
 37029 | Spider:3 | Gained mutation: You are somewhat resistant to further
                  | mutation. [potion of mutation]
 37565 | Spider:4 | Entered Level 4 of the Spider Nest
 38799 | Spider:4 | HP: 4/80 [disintegration (50)]
 39418 | Spider:4 | Reached XP level 16. HP: 84/84 MP: 17/17
 39774 | Spider:4 | Upgraded the game from 0.27-a0-1347-gd8886f0a89 to
                  | 0.27-a0-1359-ga2a4dfd6fd
 42158 | Spider:4 | Got a gossamer rune of Zot
 42385 | Swamp:1  | Entered Level 1 of the Swamp
 42851 | Swamp:1  | Reached skill level 20 in Dodging
 43560 | Swamp:1  | Upgraded the game from 0.27-a0-1359-ga2a4dfd6fd to
                  | 0.27-a0-1378-gdefffd1ff6
 44939 | Swamp:2  | Noticed a thorn hunter
 44981 | Swamp:2  | Killed a thorn hunter
 45666 | Swamp:2  | Paralysed by a fenstrider witch for 6 turns
 45671 | Swamp:2  | HP: 1/129 [something (15)]
 45671 | Swamp:2  | Succumbed to poison

Illustrated notes

Levels and vault maps discovered:
D:1:      roderic_crossed_star, layout_loops_ring, basic_ecumenical_altar,
          minmay_tromino_mix6
D:2:      layout_loops_cross, chequers_serial_rivers_micro_c,
          serial_bayou_crossing
D:3:      layout_loops_ring, serial_shops, nicolae_shop_trees,
          hangedman_decor_growths, hex_large, chequers_serial_rivers_large_a,
          corexii_hall_statues_s, grunt_ministairs_9, minivault_27,
          minmay_misc_feat_square, minmay_lizard_king
D:4:      layout_basic, minmay_temple_entry_mist
D:5:      layout_loops_ring, st_stairs_7, uniq_duvessa
D:6:      layout_rooms, lemuel_coloured_pillars_altar, amcnicky_altar_gilded
D:7:      layout_basic, grunt_temple_overflow_magic_moments, minitemple,
          trog_antimagical, minmay_misc_feat_five, uniq_joseph, uniq_pikel,
          uniq_menkaure
D:8:      layout_basic, gammafunk_ghost_abyssal_escape
D:9:      layout_long_grid, minmay_orc_entry_temple_large,
          nicolae_lava_and_water
D:10:     layout_gridville, kennysheep_mini_moat, minmay_lair_entry_grove,
          kennysheep_small_square
D:11:     layout_long_grid, minmay_pinched_square, uniq_gastronok
D:12:     layout_basic, uniq_sonja
D:13:     layout_cave_pools
D:14:     layout_stronghold, erik_vaults_2, nemelex_xobeh_ov_fountains_minmay
D:15:     grunt_enter_depths_hoard, layout_irregular_city,
          grunt_decor_mini_mirrors, gammafunk_ghost_crypt
Lair:1:   layout_loops_ring, grunt_forest_stairs_basic
Lair:2:   nzn_winding_woodlands_huge [nzn_winding_woodlands_5x15_garden,
          nzn_winding_woodlands_5x15_lazy_stream,
          nzn_winding_woodlands_5x15_parted, nzn_winding_woodlands_5x15_pool,
          nzn_winding_woodlands_5x15_split_checker,
          nzn_winding_woodlands_5x15_pockets,
          nzn_winding_woodlands_5x15_sawtooth,
          nzn_winding_woodlands_5x15_jagged,
          nzn_winding_woodlands_5x15_sidewinder,
          nzn_winding_woodlands_5x15_default,
          nzn_winding_woodlands_center_garden,
          nzn_winding_woodlands_center_pierced_h,
          nzn_winding_woodlands_15x15_eel_pit], layout_regular_city,
          nicolae_spider_entry_tight_spaces, portal_ice_cave_entry_ice_beasts,
          minmay_holes, minmay_lair_oklob_chamber
Lair:3:   layout_cave_pods, amcnicky_mini_pool_medium, lemuel_fruit_tree,
          uniq_fannar
Lair:4:   onia_ninara_swampy_vault, layout_layer_cave,
          nicolae_swamp_entry_splash_gauntlet, special_room
          [special_room_mythical_zoo], patterned_corridor
Lair:5:   layout_concentric_octagons, enter_volcano_2, uniq_josephine
Lair:6:   evilmike_catoblepas_cave, layout_regular_city, slime_altar_1
Swamp:1:  layout_basic_swamp, evilmike_swamp_ruin_house_2,
          infiniplex_staircase_pool
Swamp:2:  layout_basic_swamp, evilmike_swamp_ruin_wall, swamp_pool1
Spider:1: layout_spider_delve, drop_trap, nicolae_spider_not_touching_you
Spider:2: gammafunk_boulding_lane, nicolae_spider_wall_of_niches, uniq_arachne
Spider:3: layout_spider_delve, worms_lemuel, nicolae_spider_cling_halls
Spider:4: spider_rune_water
Orc:1:    layout_caves, basic_altar, uniq_harold
Orc:2:    grunt_orc_community_town_hall, layout_caves,
          grunt_orc_community_big_house_2, grunt_orc_community_big_house_2,
          grunt_orc_community_house_2, grunt_orc_community_house_1,
          grunt_orc_community_house_2, grunt_orc_community_house_1,
          serial_shops, nicolae_shop_overgrown_old_shop

Skill      XL: |  1  2  3  4  5  6  7  8  9 10 11 12 13 14 15 16 |
---------------+-------------------------------------------------+-----
Dodging        | 5 7 8 11 12 14 15 16 17 18 19 20 | 20.2
Fighting       | 4 5 6 8 9 11 12 13 15 17 18 | 18.3
Unarmed Combat | 4 5 6 8 9 11 12 13 15 17 18 | 18.3
Stealth        | 11 15 | 15.3

Action                   |  1- 3 |  4- 6 |  7- 9 | 10-12 | 13-15 | 16-18 || total
-------------------------+-------+-------+-------+-------+-------+-------++-------
Melee: Unarmed           |   121 |   180 |   169 |   719 |  1723 |   483 ||  3395
       Bite              |    12 |    23 |    19 |   109 |   311 |    60 ||   534
       Punch             |     2 |     1 |     6 |    64 |   199 |    62 ||   334
Invok: Berserk           |     3 |    10 |    15 |    34 |    78 |    28 ||   168
       Brothers in Arms  |       |       |       |       |     1 |       ||     1
       Trog's Hand       |       |       |       |       |     1 |     1 ||     2
Evoke: Wand              |       |       |     5 |     9 |    20 |     3 ||    37
  Use: Scroll            |       |       |       |    17 |    18 |     4 ||    39
       Potion            |       |       |       |     2 |     3 |     3 ||     8
 Stab: Sleeping          |     5 |     1 |     2 |     5 |    47 |    10 ||    70
       Paralysed         |       |       |     3 |     1 |     4 |       ||     8
       Distracted        |       |       |       |     2 |    17 |     6 ||    25
       Held in net/web   |       |       |       |       |       |     1 ||     1
Armor: Skin              |     5 |     5 |     6 |    23 |    81 |    40 ||   160
Dodge: Dodged            |    85 |   154 |   121 |   725 |  1855 |   750 ||  3690

Table legend: (Time is in decaauts)
 A = Elapsed time spent in this place.
 B = Non-inter-level travel time spent in this place.
 C = Inter-level travel time spent in this place.
 D = Time resting spent in this place.
 E = Time spent auto-exploring this place.
 F = Levels seen in this place.
 G = Mean time per level.
                   A        B        C        D        E       F      G
               +--------+--------+--------+--------+--------+-----+--------+
         Total |  41711 |  39831 |   1880 |  17147 |  14337 |  29 | 1438.3 |
       Dungeon |  15096 |  14348 |    748 |   4185 |   7292 |  15 | 1006.4 |
          Lair |  10098 |   9317 |    781 |   3440 |   3934 |   6 | 1683.0 |
         Swamp |   3198 |   3146 |     52 |   1852 |    562 |   2 | 1599.0 |
   Spider Nest |   9862 |   9651 |    211 |   5795 |   1803 |   4 | 2465.5 |
  Orcish Mines |   3455 |   3369 |     86 |   1872 |    744 |   2 | 1727.5 |
               +--------+--------+--------+--------+--------+-----+--------+

Top non-repeatable levels by time:
Spider:4: 4067 daAuts
  Lair:2: 2809 daAuts
Spider:1: 2594 daAuts
 Swamp:1: 2541 daAuts
   Orc:2: 2499 daAuts
  Lair:4: 2224 daAuts
Spider:3: 1907 daAuts
     D:7: 1742 daAuts
  Lair:6: 1508 daAuts
     D:8: 1445 daAuts
  Lair:1: 1319 daAuts
Spider:2: 1293 daAuts
    D:10: 1244 daAuts
     D:9: 1234 daAuts
  Lair:3: 1230 daAuts
